 Dungeon Crawl Stone Soup version 0.24-a0-307-gf989941 (webtiles) character file.

Game seed: 10720748852164763048

9760 PigNose the Archer (level 11, -3/91 HPs)
             Began as a Centaur Hunter on May 12, 2019.
             Was a High Priest of Okawaru.
             Slain by a skeletal warrior
             ... wielding the +7 falchion of Dyaqoc {drain, rF+++ Dex-4}
              (18 damage)
             ... on level 10 of the Dungeon.
             The game lasted 00:35:36 (15089 turns).

PigNose the Archer (Centaur Hunter)                Turns: 15089, Time: 00:35:37

Health: -3/91      AC: 19    Str: 23 (24) XL:     11   Next: 27%
Magic:  14/15      EV: 14    Int:  8 (10) God:    Okawaru [*****.]
Gold:   635        SH:  0    Dex: 12 (14) Spells: 9/10 levels left

rFire    + . .     SeeInvis +   a - +1 shortbow
rCold    . . .     Gourm    .   (shield currently unavailable)
rNeg     . . .     Faith    .   T - +1 chain mail {rF+}
rPois    .         Spirit   .   m - +0 helmet
rElec    .         Reflect  .   I - +2 cloak
rCorr    .         Harm     .   K - +0 pair of gloves
MR       .....                  (no barding)
Stlth    ..........             N - amulet of the acrobat
HPRegen  0.25/turn              R - ring of see invisible
MPRegen  0.14/turn              (no ring)

@: mighty, agile, lethally poisoned (-3 -> -5), heroism, marked, hasted, very
quick
A: large, hooves 3, deformed body, speed 2, tough skin 3
a: Heroism, Finesse, Renounce Religion


You were on level 10 of the Dungeon.
You worshipped Okawaru.
Okawaru was extremely pleased with you.
You were hungry.

You visited 2 branches of the dungeon, and saw 11 of its levels.

You collected 635 gold pieces.

Inventory:

Hand Weapons
 a - a +1 shortbow (weapon)
 b - a +0 spear of piercing
 l - a +0 short sword
 s - a +0 trident
 S - a +1 spear of flaming
Missiles
 d - 151 arrows (quivered)
 g - 273 stones
 u - 34 poisoned darts
 v - 2 silver boomerangs
 M - 8 curare-tipped darts
Armour
 c - a +0 leather armour
 j - a +0 ring mail
 m - a +0 helmet (worn)
 q - a +0 plate armour
 x - a +0 leather armour of cold resistance
 I - a +2 cloak (worn)
 K - a +0 pair of gloves (worn)
 T - a +1 chain mail of fire resistance (worn)
Jewellery
 h - an uncursed ring of fire
 N - an amulet of the acrobat (around neck)
 R - a ring of see invisible (left hand)
Wands
 z - a wand of flame (13)
 L - a wand of disintegration (26)
 O - a wand of polymorph (17)
 P - a wand of paralysis (4)
Scrolls
 e - 8 scrolls of remove curse
 i - 2 scrolls of immolation {unknown}
 k - 5 scrolls of magic mapping
 p - 3 scrolls of blinking
 w - 3 scrolls of teleportation
 y - 2 scrolls of fear
 B - a scroll of random uselessness {unknown}
 D - 2 scrolls of amnesia
 F - 2 scrolls of fog {unknown}
 G - 2 scrolls of enchant armour {unknown}
 H - 2 scrolls of noise {unknown}
 U - a scroll of acquirement {unknown}
Potions
 o - a potion of lignification
 t - a potion of agility
 C - a potion of haste
 E - 4 potions of flight
 J - a potion of curing
Comestibles
 f - 12 rations


   Skills:
 + Level 6.4(11.4) Fighting
 - Level 6.5(11.5) Polearms
 * Level 13.5(18.5) Bows
 * Level 7.5(12.5) Armour
 - Level 1.3(6.3) Dodging
 - Level 0.4(5.4) Stealth
 * Level 5.9 Invocations


You had 9 spell levels left.
You knew the following spells:

 Your Spells              Type           Power        Failure   Level  Hunger
a - Confusing Touch       Hex            #.....       91%         1    ##.....

Your spell library contained the following spells:

 Spells                   Type           Power        Failure   Level  Hunger
 Sandblast                Erth           #.....       91%         1    ##.....
 Sting                    Conj/Pois      #...         91%         1    ##.....
 Passwall                 Tmut/Erth      #.......     97%         2    ###....
 Poisonous Vapours        Pois/Air       #.....       97%         2    ###....
 Confuse                  Hex            #.......     100%        3    ####...
 Gell's Gravitas          Tloc           #.........   100%        3    ####...
 Mephitic Cloud           Conj/Pois/Air  #.......     100%        3    ####...
 Stone Arrow              Conj/Erth      #.....       100%        3    ####...
 Olgreb's Toxic Radiance  Pois           #.......     100%        4    #####..
 Petrify                  Tmut/Erth      #.......     100%        4    #####..
 Lee's Rapid Deconstruct  Erth           #.........   100%        5    ######.
 Metabolic Englaciation   Hex/Ice        #.........   100%        5    ######.
 Venom Bolt               Conj/Pois      #.........   100%        5    ######.
 Yara's Violent Unravell  Hex/Tmut       #.........   100%        5    ######.


Dungeon Overview and Level Annotations

Branches:
Dungeon (10/15)            Temple (1/1) D:5            Lair (0/6) D:8
    Orc: D:9-12

Altars:
Ashenzari
Cheibriados
Dithmenos
Elyvilon
Fedhas
Gozag
Hepliaklqana
Kikubaaqudgha
Makhleb
Nemelex Xobeh
Okawaru
Qazlal
Ru
Sif Muna
Trog
Uskayaw
Vehumet
Wu Jian
Xom
Yredelemnul
Zin
The Shining One

Shops:
D:4 [   D:6 =   D:9 %

Annotations:
D:4 exclusion: downstairs
D:5 exclusion: downstairs, Sigmund
D:6 exclusion: downstairs
D:8 exclusion: 2 downstairs
D:9 exclusion: 2 downstairs


Innate Abilities, Weirdness & Mutations

You have hooves in place of feet.
Armour fits poorly on your strangely shaped body.
You cover ground very quickly.
You have extremely tough skin. (AC +3)


Message History

It is a scroll of amnesia.
Okay, then.
You feel sick.
The killer bee stings you but does no damage.
The troll bites you.
* * * LOW HITPOINT WARNING * * *
The troll claws you but does no damage. x2
The orc hits you but does no damage.
As you read the scroll labeled XELYNG FYMPOE, it crumbles to dust.
You assume a fearsome visage.
The orc looks frightened!
The skeletal warrior is unaffected.
The troll looks frightened!
The wraith is unaffected.
The adder looks frightened!
The killer bee looks frightened!
It was a scroll of fear.
You feel less wooden.
Your +2 cloak unmelds from your body.
Your +0 helmet unmelds from your body.
Your +0 pair of gloves unmelds from your body.
Your +1 chain mail of fire resistance unmelds from your body.
You feel resistant to fire.
The skeletal warrior hits you with the +7 falchion of Dyaqoc {drain, rF+++ Dex-4}!!
You die...

#..#..#.#..'.......<.....#
...#....#..########..##..#
..###...#..###..###..#####
........#........#....#
........#.............#
...#....########.....##
...#...a.....y...#########
...#..........o.)# ##..#
...#........WS.z@# #...#
...#...........(.# #...#
#..#..........T..######..#
#..#....####....##...##..#
+....# #(...#........#
#....# #....'.......<#
#....# #....#........#
#....# #....#........#
#.... #....##########


You could see a skeletal warrior, a troll (fleeing), a wraith, a killer bee
(fleeing), an adder (fleeing) and an orc (fleeing).

Vanquished Creatures
  Harold (D:10)
  2 two-headed ogres
  An unseen horror (D:10)
  A centaur zombie (D:10)
  A cyclops (D:9)
  Joseph (D:8)
  A troll (D:10)
  Prince Ribbit (D:9)
  2 basilisks
  A wraith (D:9)
  6 yaks (D:8)
  A wyvern (D:10)
  A hungry ghost (D:8)
  2 porcupines (D:8)
  2 sky beasts (D:10)
  A black bear (D:8)
  An orc warrior (D:9)
  2 ice beasts (D:6)
  5 ogres
  3 phantoms
  A centaur (D:9)
  A crocodile (D:8)
  2 big kobolds
  Blork the orc (D:5)
  A gnoll sergeant (D:10)
  6 bullfrogs
  A wyvern skeleton (D:9)
  3 scorpions
  2 killer bees
  5 crimson imps
  2 jellies
  3 quasits
  2 bullfrog zombies
  2 centaur skeletons
  8 hounds
  5 orc priests
  2 bullfrog skeletons
  3 iguanas
  5 orc wizards
  7 worker ants
  2 hound zombies
  8 adders
  4 gnolls (D:10)
  A howler monkey skeleton (D:6)
  4 shadow imps
  3 oozes
  2 adder zombies
  2 adder skeletons (D:7)
  5 worms
  A dart slug (D:5)
  8 leopard geckos
  24 orcs
  A ball python (D:3)
  3 bats
  3 bat zombies (D:5)
  7 giant cockroaches
  7 goblins
  7 hobgoblins
  9 jackals
  2 quokkas
  5 frilled lizards
  7 kobolds
  A leopard gecko skeleton (D:5)
  2 quokka skeletons
  7 rats
  2 rat zombies (D:5)
225 creatures vanquished.

Vanquished Creatures (others)
  5 bushes (D:8)
  3 fungi (D:8)
  20 plants (D:8)
28 creatures vanquished.

Grand Total: 253 creatures vanquished

Notes
Turn   | Place    | Note
-------+----------+-------------------------------------------
     0 | D:1      | PigNose the Centaur Hunter began the quest for the Orb.
     0 | D:1      | Reached XP level 1. HP: 17/17 MP: 1/1
   316 | D:1      | Reached XP level 2. HP: 20/24 MP: 2/2
   547 | D:1      | Reached skill level 6 in Bows
   985 | D:2      | Reached XP level 3. HP: 17/29 MP: 3/3
  1301 | D:2      | Reached skill level 1 in Armour
  1340 | D:2      | Reached skill level 1 in Polearms
  1542 | D:2      | Found a hide-covered altar of Uskayaw.
  2010 | D:3      | Reached XP level 4. HP: 36/36 MP: 4/4
  2167 | D:3      | Found a hazy altar of Hepliaklqana.
  2333 | D:3      | Found a deep blue altar of Sif Muna.
  2435 | D:3      | Found a shadowy altar of Dithmenos.
  2437 | D:3      | Found a sparkling altar of Nemelex Xobeh.
  2577 | D:3      | Found a snail-covered altar of Cheibriados.
  3005 | D:4      | Reached XP level 5. HP: 35/42 MP: 5/5
  3439 | D:4      | Reached XP level 6. HP: 47/50 MP: 6/6
  3801 | D:4      | Found Tocusk's Armour Boutique.
  4074 | D:5      | Entered Level 5 of the Dungeon
  4820 | D:5      | Reached XP level 7. HP: 38/57 MP: 7/7
  5362 | D:5      | Found an ancient bone altar of Kikubaaqudgha.
  5392 | D:5      | Noticed Sigmund
  5490 | D:5      | Reached skill level 7 in Bows
  5593 | D:5      | Found a staircase to the Ecumenical Temple.
  5599 | Temple   | Entered the Ecumenical Temple
  5683 | Temple   | Became a worshipper of Warmaster Okawaru
  5778 | D:5      | Noticed Blork the orc
  5840 | D:5      | Killed Blork the orc
  6496 | D:6      | Found Gowuqih's Jewellery Boutique.
  6758 | D:6      | Reached XP level 8. HP: 43/64 MP: 8/8
  7073 | D:6      | Reached * piety under Okawaru
  7073 | D:6      | Reached skill level 8 in Bows
  7410 | D:6      | Found a stormy altar of Qazlal.
  8299 | D:7      | Reached skill level 1 in Invocations
  8399 | D:7      | Reached skill level 5 in Armour
  8747 | D:7      | Reached skill level 5 in Polearms
  9495 | D:8      | Reached XP level 9. HP: 54/71 MP: 10/10
  9644 | D:8      | Reached ** piety under Okawaru
  9667 | D:8      | Reached skill level 9 in Bows
 10177 | D:8      | Noticed Joseph
 10924 | D:8      | Reached skill level 10 in Bows
 11033 | D:8      | Found a staircase to the Lair.
 11033 | D:8      | Noticed a two-headed ogre
 11111 | D:8      | Killed a two-headed ogre
 11111 | D:8      | Reached *** piety under Okawaru
 11111 | D:8      | Reached skill level 5 in Fighting
 11336 | D:8      | Reached skill level 11 in Bows
 11336 | D:8      | Reached XP level 10. HP: 73/81 MP: 12/12
 11538 | D:8      | Paralysed by Joseph for 4 turns
 11578 | D:8      | Killed Joseph
 11578 | D:8      | Reached **** piety under Okawaru
 11845 | D:9      | Noticed Prince Ribbit
 11869 | D:9      | Killed Prince Ribbit
 11885 | D:9      | Received a gift from Okawaru
 12162 | D:9      | Noticed a cyclops
 12458 | D:9      | Found Ufosk's Food Emporium.
 12919 | D:8      | Reached skill level 12 in Bows
 13116 | D:9      | Killed a cyclops
 13116 | D:9      | Received a gift from Okawaru
 13304 | D:10     | Entered Level 10 of the Dungeon
 13304 | D:10     | Noticed an unseen horror
 13315 | D:10     | Killed an unseen horror
 13315 | D:10     | Reached skill level 5 in Invocations
 13367 | D:10     | Learned a level 1 spell: Confusing Touch
 13426 | D:10     | Received a gift from Okawaru
 13916 | D:10     | Reached XP level 11. HP: 54/89 MP: 12/15
 14346 | D:10     | Reached skill level 13 in Bows
 14375 | D:10     | Noticed Harold
 14408 | D:10     | Identified the +7 falchion of Dyaqoc {drain, rF+++ Dex-4}
 14408 | D:10     | Noticed a skeletal warrior
 14583 | D:10     | Noticed a two-headed ogre
 14633 | D:9      | Killed a two-headed ogre
 14814 | D:9      | Received a gift from Okawaru
 15067 | D:10     | Killed Harold
 15067 | D:10     | Reached ***** piety under Okawaru
 15076 | D:10     | Identified the cursed +0 plate armour of the Five Souls
                  | {*Contam rC+ Str+5}
 15089 | D:10     | Slain by a skeletal warrior

Levels and vault maps discovered:
D:1:      saegor_arrival_simple_a, layout_basic
D:2:      layout_basic, old_standard_altar
D:3:      layout_basic, lemuel_crystal_altar, grunt_temple_overflow_open,
          lemuel_crystal_altar, kennysheep_donut
D:4:      layout_cave_pods, serial_shops, kennysheep_mini_moat, first_ration
D:5:      layout_loops_ring, lemuel_zombie_altar_kikubaaqudgha,
          minmay_temple_entry_enclosed_plants, uniq_sigmund, uniq_blork_the_orc
D:6:      kb_forest_paths, layout_loops_corners, marbit_many_paths,
          serial_shops, nicolae_shop_behind_doors
D:7:      layout_cave_pods
D:8:      layout_loops_ring, minmay_lair_entry_grove, uniq_joseph
D:9:      layout_rooms, serial_shops, shop, chequers_garden, uniq_prince_ribbit1
D:10:     hangedman_cross_cluster, layout_gridville, hangedman_fish_farm,
          uniq_josephine, uniq_harold
Temple:   nicolae_temple_great_sept

Skill      XL: |  1  2  3  4  5  6  7  8  9 10 11 |
---------------+----------------------------------+-----
Bows           | 6 7 8 11 12 13 | 13.5
Armour         | 1 2 3 4 5 6 7 |  7.5
Polearms       | 1 2 3 4 5 6 |  6.5
Fighting       | 3 4 5 6 |  6.4
Invocations    | 2 3 5 |  5.9
Dodging        | |  1.3
Stealth        | |  0.4

Action                   |  1- 3 |  4- 6 |  7- 9 | 10-12 || total
-------------------------+-------+-------+-------+-------++-------
Melee: Short sword       |    22 |       |       |       ||    22
       Kick              |    13 |    45 |    80 |    69 ||   207
       Spear             |    86 |   194 |   553 |   304 ||  1137
       Punch             |       |       |       |     2 ||     2
 Fire: Shortbow          |       |     6 |   161 |   202 ||   369
Invok: Heroism           |       |       |       |     6 ||     6
  Use: Scroll            |       |       |       |    13 ||    13
       Potion            |       |       |       |    10 ||    10
  Eat: Chunk             |     2 |     7 |    17 |    10 ||    36
       Ration            |       |       |     1 |       ||     1
Armor: Ring mail         |    20 |       |       |       ||    20
       Leather armour    |     1 |       |       |       ||     1
       Plate armour      |    10 |   102 |   404 |    67 ||   583
       Chain mail        |       |       |       |   130 ||   130
       Skin              |       |       |       |    48 ||    48
Dodge: Dodged            |    25 |    24 |    89 |    92 ||   230

Table legend:
 A = Non-vault XP
 B = Vault XP
 C = Vault XP percentage of total XP
 D = Non-vault monster count
 E = Vault monster count
 F = Vault count percentage of total count
                 A         B        C        D         E       F
            +---------+---------+-------+---------+---------+-------
      Total |    7710 |    6233 |  44.7 |     187 |      38 |  16.9
            +---------+---------+-------+---------+---------+-------
        D:1 |      22 |       0 |   0.0 |      13 |       0 |   0.0
        D:2 |      71 |       0 |   0.0 |      18 |       0 |   0.0
        D:3 |      87 |       0 |   0.0 |      23 |       0 |   0.0
        D:4 |     224 |       0 |   0.0 |      14 |       0 |   0.0
        D:5 |     635 |      99 |  13.5 |      21 |       6 |  22.2
        D:6 |     691 |     177 |  20.4 |      20 |       5 |  20.0
        D:7 |     606 |       0 |   0.0 |      17 |       0 |   0.0
        D:8 |    1783 |    2325 |  56.6 |      22 |      13 |  37.1
        D:9 |    1543 |    1431 |  48.1 |      18 |       4 |  18.2
       D:10 |    2048 |    2201 |  51.8 |      21 |      10 |  32.3
            +---------+---------+-------+---------+---------+-------
